 Dungeon Crawl Stone Soup version 0.23-a0-619-g281719c6f9 (webtiles) character file.

1276 LLavrengius the Poker (level 8, -2/56 HPs)
             Began as an Octopode Fighter on Dec 22, 2018.
             Slain by a sky beast (6 damage)
             ... on level 7 of the Dungeon.
             The game lasted 00:18:37 (6461 turns).

LLavrengius the Poker (Octopode Fighter)            Turns: 6461, Time: 00:18:37

Health: -2/56      AC:  1    Str: 16    XL:     8   Next: 54%
Magic:  11/11      EV: 11    Int: 12    God:
Gold:   538        SH:  9    Dex: 11    Spells: 7/7 levels left

rFire    . . .     SeeInvis .   a - +1 trident
rCold    + . .     Gourm    .   b - +1 shield
rNeg     . . .     Faith    .   (helmet restricted)
rPois    .         Spirit   .   (no amulet)
rElec    .         Reflect  .   i - ring of protection from cold
rCorr    .         Harm     .   y - ring of wizardry
MR       .....                  (no ring)
Stlth    ++........             (no ring)
HPRegen  0.18/turn              (no ring)
MPRegen  0.12/turn              (no ring)
                                (no ring)
                                (no ring)

@: studying Throwing
A: almost no armour, stealthy swim, amphibious, 8 rings, constrict 8, camouflage
1, gelatinous body 1
a: no special abilities


You were on level 7 of the Dungeon.
You were not hungry.

You visited 1 branch of the dungeon, and saw 7 of its levels.
You also visited: Sewer and Ossuary.

You collected 538 gold pieces.

Inventory:

Hand Weapons
 a - a +1 trident (weapon)
Missiles
 h - 214 stones (quivered)
Armour
 b - a +1 shield (worn)
Jewellery
 i - a ring of protection from cold (left tentacle)
 y - a ring of wizardry (right tentacle)
Wands
 o - a wand of iceblast (10)
Scrolls
 e - 2 scrolls of enchant weapon
 f - 3 scrolls of amnesia
 j - 7 scrolls of remove curse
 k - a scroll of enchant armour
 p - 4 scrolls of teleportation
 w - 2 scrolls of fog {unknown}
Potions
 c - a potion of might
 g - a potion of berserk rage
 m - 5 potions of flight
 n - a potion of heal wounds
 q - a potion of curing {unknown}
 r - a potion of brilliance
 t - a potion of lignification {unknown}
 u - a potion of agility {unknown}
 v - a potion of mutation {unknown}
Books
 l - a manual of Throwing
Comestibles
 d - 10 rations
 s - 3 chunks of flesh


   Skills:
 + Level 5.4 Fighting
 + Level 7.9 Polearms
 - Level 3.0 Dodging
 + Level 3.2 Shields
 + Level 4.7 Evocations


You had 7 spell levels left.
You didn't know any spells.
Your spell library was empty.

Dungeon Overview and Level Annotations

Branches:
Dungeon (7/15)             Temple (0/1) D:7

Altars:
Cheibriados
Hepliaklqana
Okawaru
Qazlal
Uskayaw
The Shining One

Shops:
D:5 *

Annotations:
D:5 Dowan, Duvessa


Innate Abilities, Weirdness & Mutations

You cannot wear most types of armour.
You are very stealthy in the water. (Stealth+)
You are amphibious.
You can wear up to eight rings at the same time.
You can use your tentacles to constrict eight enemies at once.
Your skin changes colour to match your surroundings (Stealth+).
Your rubbery body absorbs attacks. (AC +1, EV +1)


Message History

You barely miss the jackal. Your grab misses the jackal. The jackal bites you.
You block the jackal's attack. Something hits you. Something shocks you.
You hit the jackal. Your grab misses the jackal. You squeeze the jackal.
The jackal is heavily wounded.
The jackal closely misses you. Something hits you. Something shocks you.
You hit the jackal. Your grab misses the jackal.
Your squeeze misses the jackal.
The jackal is severely wounded.
The jackal bites you.
* * * LOW HITPOINT WARNING * * *
You hit the jackal.
You kill the jackal!
Something hits you.
* * * LOW HITPOINT WARNING * * *
Something shocks you.
* * * LOW HITPOINT WARNING * * *
You miss something. Your squeeze misses something. Something hits you.
* * * LOW HITPOINT WARNING * * *
Something shocks you.
You die...

.. .. # .# .
. .. .. .#.
... #. ...
....#.# #.#
#....##..#
#.......##...
#....@..#....
#.)..{†##..>.
##...#... .
#... .###
#... .. #...
... #... ...
.... ....


There were no monsters in sight!

Vanquished Creatures
  A hippogriff (D:6)
  Edmund (D:5)
  A sky beast (D:5)
  A big kobold (Sewer)
  2 bullfrogs (D:6)
  A scorpion (D:6)
  A crimson imp (D:6)
  A centaur zombie (D:5)
  A hound (D:7)
  A bullfrog skeleton (D:6)
  2 iguanas
  4 worker ants
  8 mummies (Ossuary)
  A gnoll (D:4)
  8 adders
  3 river rats (Sewer)
  A shadow imp (D:6)
  An adder zombie (D:6)
  An adder skeleton (D:4)
  2 worms
  3 dart slugs (D:1)
  6 leopard geckos
  10 orcs
  3 ball pythons
  4 giant cockroaches
  7 goblins
  10 hobgoblins
  17 jackals
  9 kobolds
  3 quokkas
  A ball python skeleton (D:4)
  5 bats
  4 frilled lizards
  2 gnoll zombies (Ossuary)
  A hobgoblin zombie (Ossuary)
  2 jackal zombies
  2 kobold zombies (Ossuary)
  A leopard gecko skeleton (D:4)
  3 orc zombies (Ossuary)
  A quokka skeleton (D:4)
  13 rats
149 creatures vanquished.

Notes
Turn   | Place    | Note
-------+----------+-------------------------------------------
     0 | D:1      | LLavrengius the Octopode Fighter began the quest for the
                  | Orb.
     0 | D:1      | Reached XP level 1. HP: 16/16 MP: 1/1
    40 | D:1      | Reached XP level 2. HP: 21/21 MP: 2/2
   151 | D:1      | Reached skill level 3 in Polearms
   360 | D:1      | Reached XP level 3. HP: 26/26 MP: 3/3
   440 | D:1      | Found a snail-covered altar of Cheibriados.
  1110 | D:2      | Reached skill level 4 in Polearms
  1121 | D:2      | Reached XP level 4. HP: 25/31 MP: 4/4
  2536 | D:3      | Reached XP level 5. HP: 34/36 MP: 5/5
  2814 | D:4      | Reached skill level 5 in Polearms
  2853 | D:4      | Found a sand-covered staircase.
  2858 | Ossuary  | Entered an ossuary
  2871 | Ossuary  | Reached skill level 1 in Evocations
  3164 | Ossuary  | Reached XP level 6. HP: 42/42 MP: 7/7
  3546 | D:4      | Found a hide-covered altar of Uskayaw.
  4461 | D:5      | Entered Level 5 of the Dungeon
  4496 | D:5      | Noticed Edmund
  4555 | D:5      | Killed Edmund
  4555 | D:5      | Reached skill level 6 in Polearms
  4555 | D:5      | Reached XP level 7. HP: 12/48 MP: 7/9
  4556 | D:5      | HP: 2/48 [iguana (10)]
  5371 | D:5      | Noticed Dowan
  5372 | D:5      | Noticed Duvessa
  5376 | D:5      | Found Evene's General Store.
  5452 | D:6      | Noticed a hippogriff
  5519 | D:6      | Found a glowing golden altar of the Shining One.
  5630 | D:6      | Reached skill level 7 in Polearms
  5631 | D:6      | Found a hazy altar of Hepliaklqana.
  5696 | D:6      | Found an iron altar of Okawaru.
  5805 | D:6      | Reached XP level 8. HP: 54/54 MP: 10/10
  5846 | D:6      | Reached skill level 5 in Fighting
  5900 | D:6      | Found a stormy altar of Qazlal.
  5911 | D:6      | HP: 1/55 [hippogriff (5)]
  5918 | D:6      | Killed a hippogriff
  6007 | D:6      | Found a glowing drain.
  6011 | Sewer    | Entered a sewer
  6322 | Sewer    | Found a white marble altar of Elyvilon.
  6450 | D:7      | Found a staircase to the Ecumenical Temple.
  6461 | D:7      | Slain by a sky beast

Vault maps used:
D:1:      shiori_arrival_elements, cheibriados_altar_1
D:3:      first_ration
D:4:      lemuel_round_altar, enter_ossuary_2, minmay_manual_moon
D:5:      serial_shops, shop, grunt_ministairs_1, uniq_edmund, uniq_duvessa
D:6:      kennysheep_little_box, old_standard_altar, okawaru_trees_1,
          old_standard_altar, gup_sewer_entry_bowl
D:7:      kiku_gazebo_garden_becter, minmay_temple_entry_slanted,
          enter_bailey_3, grunt_ogre_cave, dk_rats_in_the_wall
Sewer:    sewer_kobolds
Ossuary:  ossuary_tomb_3

Skill      XL: |  1  2  3  4  5  6  7  8 |
---------------+-------------------------+-----
Polearms       | 3 4 5 6 7 |  7.9
Evocations     | 1 2 3 4 |  4.7
Fighting       | 4 5 |  5.4
Dodging        | |  3.0
Shields        | |  3.2

Action                   |  1- 3 |  4- 6 |  7- 9 || total
-------------------------+-------+-------+-------++-------
Melee: Trident           |    75 |   162 |   141 ||   378
       Constrict         |    19 |    38 |    16 ||    73
       Tentacles         |    10 |    23 |    22 ||    55
  Use: Scroll            |       |    10 |     3 ||    13
       Potion            |       |     1 |     4 ||     5
 Stab: Sleeping          |    10 |    17 |     6 ||    33
       Distracted        |       |     1 |     1 ||     2
       Invisible         |       |       |     1 ||     1
  Eat: Chunk             |     1 |    10 |     3 ||    14
       Ration            |       |       |     1 ||     1
Armor: Skin              |     2 |     2 |     5 ||     9
Dodge: Dodged            |    21 |    25 |    34 ||    80
Block: Shield            |    18 |    29 |    49 ||    96

Table legend:
 A = Non-vault XP
 B = Vault XP
 C = Vault XP percentage of total XP
 D = Non-vault monster count
 E = Vault monster count
 F = Vault count percentage of total count
                 A         B        C        D         E       F
            +---------+---------+-------+---------+---------+-------
      Total |    1191 |     632 |  34.7 |     113 |      36 |  24.2
            +---------+---------+-------+---------+---------+-------
        D:1 |      55 |       0 |   0.0 |      29 |       0 |   0.0
        D:2 |      84 |       0 |   0.0 |      26 |       0 |   0.0
        D:3 |      35 |       0 |   0.0 |      16 |       0 |   0.0
        D:4 |     142 |      20 |  12.3 |      10 |       4 |  28.6
        D:5 |     135 |     305 |  69.3 |       8 |       2 |  20.0
        D:6 |     683 |       5 |   0.7 |      17 |       3 |  15.0
        D:7 |      57 |       0 |   0.0 |       7 |       0 |   0.0
      Sewer |       0 |     150 | 100.0 |       0 |      11 | 100.0
    Ossuary |       0 |     152 | 100.0 |       0 |      16 | 100.0
            +---------+---------+-------+---------+---------+-------
